 Dungeon Crawl Stone Soup version 0.29.1-2-gbd0b4ee654 (webtiles) character file.

Game seed: 7683096263485234666

469 Mune the Chopper (level 6, -2/56 HPs)
             Began as a Minotaur Berserker on Nov 25, 2022.
             Was a Believer of Trog.
             Slain by a killer bee (3 damage)
             ... on level 4 of the Dungeon.
             The game lasted 00:08:04 (3463 turns).

Mune the Chopper (Minotaur Berserker)               Turns: 3463, Time: 00:08:04

Health: -2/56      AC:  9    Str: 23    XL:     6   Next: 82%
Magic:  5/5        EV:  9    Int:  4    God:    Trog [**....]
Gold:   133        SH:  0    Dex: 10    Spells: 5/5 levels left

rFire   . . .      SeeInvis +   y - +1 morningstar (venom)
rCold   . . .      Faith    .   (no shield)
rNeg    . . .      Spirit   .   z - +0 chain mail
rPois   .          Reflect  .   (helmet restricted)
rElec   .          Harm     .   (no cloak)
rCorr   .          Rampage  .   (no gloves)
Will    +....                   (no boots)
Stlth   ..........              (no amulet)
HPRegen 0.18/turn               g - ring of see invisible
MPRegen 0.09/turn               s - ring of willpower

@: lethally poisoned (-2 -> -17)
A: horns 2, retaliatory headbutt
a: Renounce Religion, Berserk, Trog's Hand


You were on level 4 of the Dungeon.
You worshipped Trog.
Trog was pleased with you.
You visited 1 branch of the dungeon, and saw 4 of its levels.

You collected 133 gold pieces.

Inventory:

Hand Weapons
 a - a +0 hand axe
 j - a +0 flail
 m - a +0 hand axe
 o - a +0 hand axe
 x - a +0 giant club
 y - a +1 morningstar of venom (weapon)
 A - a +0 war axe
 B - a +0 dagger
 H - a +0 war axe
Missiles
 c - 22 stones (quivered)
Armour
 b - a +0 animal skin
 z - a +0 chain mail (worn)
Jewellery
 g - a ring of see invisible (left hand)
 s - a ring of willpower (right hand)
Scrolls
 f - a scroll of immolation {unknown}
 k - 2 scrolls of brand weapon {unknown}
 n - a scroll of butterflies {unknown}
 p - a scroll of noise {unknown}
 r - 2 scrolls of identify {unknown}
 t - a scroll of vulnerability {unknown}
 v - a scroll of fear {unknown}
 C - a scroll of magic mapping {unknown}
 E - a scroll of blinking {unknown}
 G - a scroll of amnesia {unknown}
Potions
 d - 2 potions of might {unknown}
 e - 2 potions of brilliance {unknown}
 h - 4 potions of curing {unknown}
 i - 2 potions of resistance {unknown}
 l - 2 potions of invisibility {unknown}
 q - a potion of degeneration {unknown}
 u - 2 potions of flight {unknown}
 w - a potion of heal wounds {unknown}
 D - a potion of haste {unknown}
 F - a potion of cancellation {unknown}


   Skills:
 + Level 5.5 Fighting
 + Level 6.3(6.4) Axes
 + Level 1.8(4.3) Maces & Flails
 + Level 3.6 Armour
 + Level 3.8 Dodging
 + Level 1.2 Stealth


You had 5 spell levels left.
You didn't know any spells.
Your spell library was empty.

Dungeon Overview and Level Annotations

Branches:
Dungeon (4/15)
 Temple: D:4-7

Altars:
Trog

Shops:
D:2 (


Innate Abilities, Weirdness & Mutations

You have a pair of horns on your head.
You reflexively headbutt those who attack you in melee.


Message History

A killer bee comes into view.
The killer bee buzzes angrily.
A killer bee comes into view.
The killer bee closely misses you.
The killer bee stings you but does no damage.
The killer bee stings you. The killer bee barely misses you.
You furiously retaliate!
You headbutt the killer bee!
The killer bee stings you but does no damage.
The killer bee stings you.
The killer bee stings you but does no damage.
The killer bee stings you.
The killer bee stings you but does no damage.
The killer bee stings you.
You are poisoned.
The killer bee poisons you!
You feel very sick. The killer bee stings you.
The killer bee stings you but does no damage.
The killer bee barely misses you.
The killer bee stings you but does no damage.
You feel sick. The killer bee barely misses you.
The killer bee stings you but does no damage.
The killer bee stings you. The killer bee barely misses you.
You feel sick. The killer bee stings you.
You are more poisoned.
The killer bee poisons you! The killer bee stings you.
The killer bee barely misses you. The killer bee stings you.
You are lethally poisoned!
The killer bee poisons you!
You feel very sick. The killer bee closely misses you.
The killer bee stings you.
* * * LOW HITPOINT WARNING * * *
The killer bee barely misses you. The killer bee stings you.
* * * LOW HITPOINT WARNING * * *
* * * LOW HITPOINT WARNING * * *
You feel very sick. The killer bee stings you!
* * * LOW HITPOINT WARNING * * *
The killer bee stings you.
You die...

... ##.# #... #
###+##.######.#
#.......†.<...#
#..........####.
#......yy.......
#....#.#y##########
...####.#@y)........
.. #.#.##########
#.#.# #.#.# #.#.#
#.#.. ###


You could see 4 killer bees.

Vanquished Creatures
  A sky beast (D:4)
  An ogre (D:3)
  A howler monkey (D:4)
  3 hounds
  An orc wizard (D:3)
  2 gnolls (D:1)
  2 adders
  A worm (D:2)
  4 dart slugs
  4 orcs (D:3)
  5 bats
  10 endoplasms
  3 giant cockroaches
  3 goblins
  10 hobgoblins
  7 jackals
  8 kobolds
  5 quokkas
  5 ball pythons
  A frilled lizard (D:2)
  8 rats
  2 bushes (D:1)
87 creatures vanquished.

Vanquished Creatures (others)
  5 plants (D:1)
5 creatures vanquished.

Grand Total: 92 creatures vanquished

Notes
Turn   | Place    | Note
-------+----------+-------------------------------------------
     0 | D:1      | Mune the Minotaur Berserker began the quest for the Orb.
     0 | D:1      | Reached XP level 1. HP: 19/19 MP: 0/0
   158 | D:1      | Reached skill level 4 in Axes
   158 | D:1      | Reached XP level 2. HP: 16/27 MP: 1/1
   600 | D:1      | Reached XP level 3. HP: 33/33 MP: 2/2
  1480 | D:2      | Found a faded altar of an unknown god.
  1490 | D:2      | Reached XP level 4. HP: 41/41 MP: 3/3
  1491 | D:2      | Reached skill level 5 in Axes
  1881 | D:2      | Found Keghit's Weapon Shop.
  2304 | D:3      | Noticed an ogre
  2314 | D:3      | Reached ** piety under Trog
  2315 | D:3      | Reached XP level 5. HP: 47/47 MP: 4/4
  2318 | D:3      | Killed an ogre
  2319 | D:3      | Reached skill level 5 in Fighting
  2650 | D:3      | Reached XP level 6. HP: 54/56 MP: 5/5
  2671 | D:3      | Found a bloodstained altar of Trog.
  2926 | D:3      | Reached skill level 6 in Axes
  2926 | D:3      | Reached skill level 1 in Stealth
  3310 | D:4      | Noticed a sky beast
  3318 | D:4      | Killed a sky beast
  3319 | D:4      | Reached skill level 1 in Maces & Flails
  3463 | D:4      | HP: 1/56 [killer bee (7)]
  3463 | D:4      | Slain by a killer bee

Illustrated notes

Levels and vault maps discovered:
D:1:      wander_arrival_desolate, layout_basic, serial_forest,
          infiniplex_forest_clump_large, infiniplex_forest_lined_room_2,
          infiniplex_forest_end_3, infiniplex_forest_clump_cross,
          infiniplex_forest_pool, infiniplex_forest_straight_4, nrook_uturn
D:2:      layout_loops_ring, chequers_ecumenical_altar_simple_redux,
          serial_shops, nicolae_shop_bloodbath_and_beyond, minmay_statues_item
D:3:      layout_basic, lightli_temple_of_fire, kennysheep_generic_room_4
D:4:      layout_basic, minmay_temple_entry_nine_rooms, serial_shops, shop

Skill      XL: |  1  2  3  4  5  6 |
---------------+-------------------+-----
Axes           | 4 5 6 |  6.3
Fighting       | 4 5 |  5.5
Armour         | 3 |  3.6
Dodging        | 3 |  3.8
Stealth        | 1 |  1.2
Maces & Flails | 1 |  1.8

Action                   |  1- 3 |  4- 6 || total
-------------------------+-------+-------++-------
Melee: Hand axe          |   240 |    37 ||   277
       Headbutt          |    77 |    10 ||    87
       Punch             |     7 |       ||     7
       Morningstar       |       |    46 ||    46
Invok: Berserk           |     4 |     4 ||     8
Armor: Animal skin       |    10 |     7 ||    17
       Chain mail        |       |    48 ||    48
Dodge: Dodged            |    64 |    89 ||   153
